 Dungeon Crawl Stone Soup version 0.28-a0-245-g639a1a48b9 (webtiles) character file.

Game seed: 4282441053652662931

2 siradein the Charlatan (level 1, 2/15 HPs)
             Began as a Demonspawn Artificer on Aug 25, 2021.
             Quit the game on level 1 of the Dungeon.
             The game lasted 00:01:13 (29 turns).

siradein the Charlatan (Demonspawn Artificer)         Turns: 29, Time: 00:01:14

Health: 2/15       AC:  3    Str: 12    XL:     1   Next: 25%
Magic:  1/1        EV: 11    Int: 12    God:
Gold:   0          SH:  0    Dex: 13    Spells: 0/0 levels left

rFire   . . .      SeeInvis .   a - +0 club
rCold   . . .      Faith    .   (no shield)
rNeg    . . .      Spirit   .   b - +0 leather armour
rPois   .          Reflect  .   (no helmet)
rElec   .          Harm     .   (no cloak)
rCorr   .          Rampage  .   (no gloves)
Will    .....                   (no boots)
Stlth   +.........              (no amulet)
HPRegen 0.05/turn               (no ring)
MPRegen 0.07/turn               (no ring)

@: no status effects
A: no striking features
a: no special abilities


You were on level 1 of the Dungeon.
You visited 1 branch of the dungeon, and saw 1 of its levels.

Inventory:

Hand Weapons
 a - a +0 club (weapon)
Armour
 b - a +0 leather armour (worn)
Wands
 c - a wand of flame (15) (quivered)
 d - a wand of charming (15)
Miscellaneous
 e - a piece from Xom's chessboard (15/15)


   Skills:
 + Level 1.1 Fighting
 - Level 1.7 Armour
 - Level 0.8 Dodging
 - Level 0.8 Stealth
 + Level 3.0 Evocations


You couldn't memorise any spells.
You didn't know any spells.
Your spell library was empty.

Dungeon Overview and Level Annotations

Branches:
Dungeon (1/15)

Altars:


Message History

You hit the goblin.
The goblin is heavily wounded.
The jackal closely misses you. The goblin hits you but does no damage.
The jackal bites you.
You hit the goblin.
You kill the goblin!
The jackal barely misses you.
The jackal bites you but does no damage.
A hobgoblin comes into view.
The jackal barely misses you. The jackal closely misses you.
You hit the jackal.
The jackal is heavily wounded.
The jackal barely misses you. x2; The jackal closely misses you.
You closely miss the jackal.
The jackal is heavily wounded.
The jackal closely misses you. The jackal bites you.
The jackal barely misses you.
You closely miss the jackal.
The jackal is moderately wounded.
The jackal misses you. The jackal bites you. The jackal barely misses you.
You miss the jackal.
The jackal is moderately wounded.
The jackal closely misses you. The jackal barely misses you.
The jackal bites you but does no damage.
You hit the jackal but do no damage.
The jackal is moderately wounded.
The jackal bites you.
* * * LOW HITPOINT WARNING * * *
The jackal closely misses you. The jackal completely misses you.
The jackal bites you but does no damage.
You closely miss the jackal.
The jackal is lightly wounded.
The jackal bites you.
* * * LOW HITPOINT WARNING * * *
The jackal bites you.
* * * LOW HITPOINT WARNING * * *
The jackal barely misses you.
The jackal bites you but does no damage.
Unknown command.
Are you sure you want to abandon this character and quit the game? (Confirm with "yes".)

#..... ..#
##....)##.#
........#.#
###.......##
.......#...#
###........#
#####g#..#
#h#..##
#@h...#
##...##
####..#..####
#...........#
#...........#
#.⌠...<...⌠.#
#...........#
#...........#
##..#####..##


You could see 2 jackals and a hobgoblin.

Vanquished Creatures
  A goblin (D:1)
  A bat (D:1)
2 creatures vanquished.

Notes
Turn   | Place    | Note
-------+----------+-------------------------------------------
     0 | D:1      | siradein the Demonspawn Artificer began the quest for the
                  | Orb.
     0 | D:1      | Reached XP level 1. HP: 15/15 MP: 1/1
    29 | D:1      | Quit the game

Illustrated notes

Levels and vault maps discovered:
D:1:      dpeg_arrival_arbitrary_c, layout_loops_ring, serial_shops, shop

Action                   || total
-------------------------++-------
Melee: Club              ||    12
Armor: Leather armour    ||     7
Dodge: Dodged            ||    20

Table legend: (Time is in decaauts)
 A = Elapsed time spent in this place.
 B = Non-inter-level travel time spent in this place.
 C = Inter-level travel time spent in this place.
 D = Time resting spent in this place.
 E = Time spent auto-exploring this place.
 F = Levels seen in this place.
 G = Mean time per level.
                   A        B        C        D        E       F      G
               +--------+--------+--------+--------+--------+-----+--------+
         Total |     32 |     32 |      0 |      0 |      5 |   1 |   32.0 |
       Dungeon |     32 |     32 |      0 |      0 |      5 |   1 |   32.0 |
               +--------+--------+--------+--------+--------+-----+--------+

Top non-repeatable levels by time:
     D:1: 32 daAuts
